General information
- name: ATempT P:| L:19
- type: Custom game
- host: ATempT
- saver: _NIKOLLAS_
map: Highperch
- players: 6
- length: 30:04
- speed: Fast
- version: 1.23 W3XP
- replay type: Public
» download(284 KB)
Players
team 1 (winner)
ATempT (
green | 116 APM | 3483 actions | 30:00)
7 Blademaster
3 Wind Walk
3 Critical Strike
1 Bladestorm
5 Shadow Hunter
2 Hex
3 Healing Wave
» actions
| Assign group hotkey | 40 | |
| Basic commands | 2 | |
| Build / train | 52 | |
| Enter build submenu | 22 | |
| Enter hero's abilities submenu | 13 | |
| Right click | 2005 | |
| Select / deselect | 319 | |
| Select group hotkey | 965 | |
| Use ability | 65 | |
3483 total
» units
» upgrades
» buildings
| Altar of Storms | 1 | |
| Orc Burrow | 7 | |
| Barracks | 1 | |
| Voodoo Lounge | 2 | |
| Stronghold | 1 | |
| Beastiary | 2 | |
| War Mill | 1 | |
| Great Hall | 1 | |
16 total
» build order
00:05 Altar of Storms
00:21 Orc Burrow
00:25 Orc Burrow
00:54 Barracks
01:40 Orc Burrow
02:22 Voodoo Lounge
02:28 Voodoo Lounge
03:08 Stronghold
03:50 Orc Burrow
05:38 Beastiary
05:38 Beastiary
05:41 Orc Burrow
08:34 Orc Burrow
08:46 War Mill
09:33 Orc Burrow
21:11 Great Hall
» items
| Healing Salve | 1 | |
| Boots of Speed | 1 | |
| Circlet of Nobility | 1 | |
| Lesser Clarity Potion | 1 | |
| Potion of Healing | 3 | |
7 total
_NIKOLLAS_ (
blue | 38 APM | 1142 actions | 30:04)
5 Death Knight
3 Death Coil
2 Unholy Aura
3 Dreadlord
2 Sleep
1 Carrion Swarm
» actions
| Assign group hotkey | 13 | |
| Build / train | 52 | |
| Enter build submenu | 17 | |
| Enter hero's abilities submenu | 8 | |
| Remove unit from queue | 3 | |
| Right click | 410 | |
| Select / deselect | 363 | |
| Select group hotkey | 218 | |
| Use ability | 58 | |
1142 total
» units
| Acolyte | 2 | |
| Ghoul | 4 | |
| Crypt Fiend | 16 | |
| Frost Wyrm | 8 | |
30 total
» upgrades
| Freezing Breath | 1 | |
| Creature Attack | 1 | |
| Creature Carapace | 1 | |
3 total
» buildings
| Ziggurat | 7 | |
| Altar of Darkness | 1 | |
| Crypt | 1 | |
| Graveyard | 1 | |
| Nerubian Tower | 3 | |
| Halls of the Dead | 1 | |
| Sacrificial Pit | 1 | |
| Black Citadel | 1 | |
| Boneyard | 1 | |
| Spirit Tower | 1 | |
18 total
» build order
00:07 Ziggurat
00:10 Altar of Darkness
00:33 Crypt
00:57 Graveyard
01:25 Nerubian Tower
01:30 Ziggurat
02:27 Nerubian Tower
02:59 Ziggurat
04:02 Halls of the Dead
04:42 Nerubian Tower
07:52 Sacrificial Pit
10:16 Black Citadel
10:20 Ziggurat
12:38 Boneyard
13:41 Ziggurat
14:36 Ziggurat
15:33 Spirit Tower
22:48 Ziggurat
debinhalencar (
light-blue | 134 APM | 4011 actions | 30:00)
7 Archmage
3 Summon Water Elemental
3 Brilliance Aura
1 Mass Teleport
5 Mountain King
3 Storm Bolt
2 Bash
» actions
| Assign group hotkey | 44 | |
| Basic commands | 259 | |
| Build / train | 156 | |
| ESC pressed | 6 | |
| Enter build submenu | 38 | |
| Enter hero's abilities submenu | 12 | |
| Give item / drop item | 1 | |
| Remove unit from queue | 1 | |
| Right click | 1918 | |
| Select / deselect | 997 | |
| Select group hotkey | 391 | |
| Use ability | 188 | |
4011 total
» units
| Peasant | 20 | |
| Rifleman | 21 | |
| Priest | 8 | |
| Mortar Team | 6 | |
| Sorceress | 8 | |
| Flying Machine | 5 | |
| Spell Breaker | 3 | |
71 total
» upgrades
| Priest Training | 3 | |
| Lumber Harvesting | 2 | |
| Gunpowder | 3 | |
| Long Rifles | 1 | |
| Armor | 3 | |
| Sorceress Training | 2 | |
| Animal War Training | 1 | |
| Fragmentation Shards | 1 | |
| Storm Hammers | 1 | |
| Magic Sentry | 1 | |
| Swords | 1 | |
19 total
» buildings
| Altar of Kings | 1 | |
| Barracks | 1 | |
| Farm | 10 | |
| Blacksmith | 1 | |
| Keep | 3 | |
| Lumber Mill | 1 | |
| Arcane Vault | 1 | |
| Castle | 5 | |
| Arcane Sanctum | 3 | |
| Workshop | 2 | |
| Town Hall | 3 | |
| Scout Tower | 16 | |
| Guard Tower | 17 | |
| Gryphon Aviary | 2 | |
| Cannon Tower | 3 | |
69 total
» build order
00:04 Altar of Kings
00:28 Barracks
00:35 Farm
01:05 Farm
01:47 Blacksmith
02:18 Farm
02:50 Keep
02:50 Keep
02:50 Keep
03:48 Farm
04:46 Lumber Mill
04:47 Arcane Vault
05:19 Castle
05:19 Castle
05:20 Castle
05:20 Castle
05:24 Arcane Sanctum
05:38 Farm
05:56 Workshop
07:50 Town Hall
08:58 Farm
09:35 Farm
11:59 Scout Tower
11:59 Scout Tower
12:00 Scout Tower
12:00 Scout Tower
12:02 Scout Tower
12:02 Scout Tower
12:41 Guard Tower
12:41 Guard Tower
12:56 Guard Tower
12:56 Guard Tower
12:59 Scout Tower
13:02 Scout Tower
14:20 Farm
15:11 Scout Tower
15:11 Scout Tower
15:52 Farm
17:23 Castle
17:38 Workshop
17:51 Guard Tower
18:22 Guard Tower
18:47 Guard Tower
18:48 Guard Tower
18:49 Guard Tower
18:49 Guard Tower
20:13 Guard Tower
20:14 Guard Tower
21:18 Scout Tower
21:18 Arcane Sanctum
22:09 Scout Tower
22:09 Arcane Sanctum
22:11 Farm
22:15 Gryphon Aviary
22:16 Gryphon Aviary
22:25 Town Hall
26:09 Scout Tower
26:10 Scout Tower
26:36 Cannon Tower
26:36 Guard Tower
26:36 Guard Tower
26:37 Cannon Tower
26:37 Cannon Tower
26:40 Scout Tower
26:41 Scout Tower
27:14 Guard Tower
27:14 Guard Tower
27:14 Guard Tower
27:18 Town Hall
» items
| Potion of Healing | 2 | |
| Ivory Tower | 5 | |
| Scroll of Town Portal | 1 | |
8 total
team 2 (loser)
Kjukecke (
dark-green | 47 APM | 1246 actions | 26:18)
4 Tauren Chieftain
2 Shockwave
1 Endurance Aura
1 War Stomp
» actions
| Basic commands | 3 | |
| Build / train | 66 | |
| Enter build submenu | 20 | |
| Enter hero's abilities submenu | 5 | |
| Remove unit from queue | 2 | |
| Right click | 729 | |
| Select / deselect | 336 | |
| Use ability | 85 | |
1246 total
» units
| Peon | 6 | |
| Grunt | 5 | |
| Troll Headhunter/Berserker | 16 | |
| Tauren | 7 | |
| Spirit Walker | 4 | |
| Shaman | 6 | |
44 total
» upgrades
| Ranged Weapons | 2 | |
| Melee Weapons | 1 | |
| Spirit Walker Training | 2 | |
| Shaman Training | 2 | |
| Armor | 1 | |
| Berserker Strength | 0 | |
| Berserker Upgrade | 1 | |
9 total
» buildings
| Altar of Storms | 1 | |
| Orc Burrow | 6 | |
| Barracks | 2 | |
| War Mill | 1 | |
| Voodoo Lounge | 1 | |
| Stronghold | 1 | |
| Fortress | 1 | |
| Spirit Lodge | 2 | |
| Tauren Totem | 1 | |
| Beastiary | 1 | |
| Watch Tower | 1 | |
18 total
» build order
00:09 Altar of Storms
00:16 Orc Burrow
00:32 Barracks
01:25 War Mill
01:49 Orc Burrow
02:44 Voodoo Lounge
03:26 Stronghold
03:58 Orc Burrow
07:02 Fortress
07:22 Spirit Lodge
07:27 Spirit Lodge
09:41 Tauren Totem
09:53 Orc Burrow
12:52 Orc Burrow
15:11 Orc Burrow
19:44 Beastiary
20:14 Barracks
24:06 Watch Tower
» items
| Healing Salve | 2 | |
| Lesser Clarity Potion | 2 | |
4 total
LimXingYi (
brown | 40 APM | 1195 actions | 30:00)
8 Priestess of the Moon
3 Searing Arrows
3 Trueshot Aura
1 Starfall
1 Scout
» actions
| Assign group hotkey | 20 | |
| Basic commands | 122 | |
| Build / train | 85 | |
| ESC pressed | 2 | |
| Enter build submenu | 21 | |
| Enter hero's abilities submenu | 8 | |
| Remove unit from queue | 6 | |
| Right click | 502 | |
| Select / deselect | 310 | |
| Select group hotkey | 79 | |
| Use ability | 40 | |
1195 total
» units
| Wisp | 11 | |
| Archer | 12 | |
| Huntress | 11 | |
| Dryad | 13 | |
| Hippogryph | 4 | |
| Druid of the Talon | 1 | |
52 total
» upgrades
| Ultravision | 1 | |
| Strength of the Moon | 1 | |
| Sentinel | 1 | |
| Improved Bows | 1 | |
| Moon Armor | 1 | |
| Abolish Magic | 1 | |
| Hippogryph Taming | 1 | |
| Strength of the Wild | 1 | |
| Reinforced Hides | 1 | |
| Upgrade Moon Glaive | 1 | |
| Marksmanship | 1 | |
| Well Spring | 1 | |
| Druid of the Talon Training | 2 | |
| Druid of the Claw Training | 1 | |
| Mark of the Talon | 1 | |
16 total
» buildings
| Ancient of War | 1 | |
| Altar of Elders | 1 | |
| Moon Well | 9 | |
| Hunter's Hall | 1 | |
| Tree of Ages | 1 | |
| Ancient of Lore | 1 | |
| Ancient of Wind | 1 | |
| Tree of Eternity | 1 | |
| Ancient of Wonders | 1 | |
| Chimaera Roost | 1 | |
| Tree of Life | 1 | |
19 total
» build order
00:09 Ancient of War
00:10 Altar of Elders
00:27 Moon Well
01:54 Moon Well
02:37 Hunter's Hall
03:52 Moon Well
04:01 Tree of Ages
05:28 Moon Well
07:54 Moon Well
08:14 Ancient of Lore
08:18 Ancient of Wind
09:02 Moon Well
09:59 Moon Well
10:25 Tree of Eternity
12:47 Moon Well
17:32 Moon Well
18:13 Ancient of Wonders
18:24 Chimaera Roost
22:36 Tree of Life
screamin[Eagle] (
purple | 67 APM | 2023 actions | 30:00)
4 Death Knight
2 Death Coil
2 Unholy Aura
4 Lich
2 Frost Nova
2 Dark Ritual
» actions
| Assign group hotkey | 42 | |
| Build / train | 77 | |
| Enter build submenu | 28 | |
| Enter hero's abilities submenu | 8 | |
| Give item / drop item | 2 | |
| Remove unit from queue | 7 | |
| Right click | 1018 | |
| Select / deselect | 427 | |
| Select group hotkey | 339 | |
| Use ability | 75 | |
2023 total
» units
| Acolyte | 3 | |
| Ghoul | 12 | |
| Obsidian Statue | 5 | |
| Abomination | 5 | |
| Gargoyle | 19 | |
44 total
» upgrades
| Unholy Strength | 2 | |
| Disease Cloud | 1 | |
| Unholy Armor | 1 | |
| Web | 0 | |
| Creature Attack | 2 | |
| Creature Carapace | 1 | |
7 total
» buildings
| Ziggurat | 12 | |
| Crypt | 2 | |
| Altar of Darkness | 2 | |
| Tomb of Relics | 1 | |
| Nerubian Tower | 2 | |
| Halls of the Dead | 1 | |
| Graveyard | 1 | |
| Black Citadel | 1 | |
| Slaughterhouse | 2 | |
| Spirit Tower | 3 | |
27 total
» build order
00:10 Ziggurat
00:22 Crypt
00:43 Altar of Darkness
01:07 Tomb of Relics
01:16 Ziggurat
02:12 Nerubian Tower
02:57 Halls of the Dead
04:18 Graveyard
04:22 Ziggurat
05:21 Black Citadel
05:37 Ziggurat
06:15 Nerubian Tower
07:50 Altar of Darkness
07:53 Slaughterhouse
07:58 Slaughterhouse
09:19 Ziggurat
09:22 Ziggurat
10:53 Spirit Tower
12:30 Spirit Tower
16:12 Ziggurat
16:16 Ziggurat
21:10 Crypt
22:13 Spirit Tower
27:35 Ziggurat
27:37 Ziggurat
27:37 Ziggurat
27:39 Ziggurat
» items
| Rod of Necromancy | 1 | |
| Potion of Healing | 1 | |
| Potion of Mana | 1 | |
3 total
Chat log
(00:08 / Allies) ATempT: ainda tem
(00:10 / Allies) ATempT: um tal de
(00:13 / Allies) ATempT: linxing
(00:16 / Allies) ATempT: do caralhjo
(00:17 / Allies) ATempT: kkkkkk
(00:17 / Allies) debinhalencar: ai n
(00:18 / Allies) debinhalencar: a n
(00:19 / Allies) debinhalencar: xines n
(00:21 / Allies) debinhalencar: no outro time
(00:22 / Allies) debinhalencar: pariu
(03:55 / Allies) ATempT: ?
(04:20 / Allies) ATempT: green
(04:21 / Allies) ATempT: o caralho
(04:51 / Allies) debinhalencar: vem maxo
(04:51 / Allies) debinhalencar: zzz
(04:56 / Allies) ATempT: pera ae
(04:58 / Allies) ATempT: maxu
(04:59 / Allies) ATempT: pariu
(04:59 / Allies) debinhalencar: tu n
(05:01 / Allies) ATempT: nego em casa
(05:03 / Allies) ATempT: eh osso
(07:00 / Allies) ATempT: tuma no cu
(07:28 / Allies) ATempT: maxu n fika parado
(07:30 / Allies) ATempT: af
(07:51 / Allies) ATempT: aff maria maxu
(07:56 / Allies) ATempT: tao me xamando ali
(08:01 / Allies) debinhalencar: UIGUUU
(08:02 / Allies) debinhalencar: iGUUU
(08:05 / Allies) ATempT: minha mae xama
(08:07 / Allies) ATempT: 300 amiga
(08:08 / Allies) ATempT: ai fika
(08:09 / Allies) ATempT: iguuu
(08:11 / Allies) ATempT: venha aki
(08:12 / Allies) ATempT: venha
(08:15 / Allies) ATempT: pariu
(10:28 / Allies) debinhalencar: zigz
(10:38 / Allies) debinhalencar: n entra
(10:44 / Allies) debinhalencar: fica flutando
(11:16 / Allies) debinhalencar: n entra
(11:17 / Allies) debinhalencar: olha
(11:18 / Allies) debinhalencar: tats
(11:18 / Allies) debinhalencar: hjutn s
(11:26 / Allies) debinhalencar: olhas as torre
(11:27 / Allies) debinhalencar: subindo
(12:17 / Allies) debinhalencar: zz
(12:40 / Allies) _NIKOLLAS_: quero mijar
(13:33 / Allies) ATempT: g?
(14:22 / Allies) ATempT: maxu
(14:25 / Allies) ATempT: q merda eh essa em
(14:29 / Allies) ATempT: va se fude
(14:32 / Allies) ATempT: olha q mapa bugado
(14:35 / Allies) ATempT: eu clico na fonte
(14:37 / Allies) ATempT: ele vem pra ca
(14:44 / Allies) ATempT: mh n
(14:56 / Allies) debinhalencar: eles tao
(14:58 / Allies) debinhalencar: andando
(15:21 / Allies) debinhalencar: fica na bse
(15:27 / Allies) debinhalencar: comrap tp
(15:32 / Allies) ATempT: sia
(15:32 / Allies) ATempT: dai
(15:47 / Allies) ATempT: fumo
(16:04 / Allies) debinhalencar: ???
(16:09 / Allies) debinhalencar: da tppp
(16:20 / Allies) debinhalencar: por dentor
(17:54 / Allies) ATempT: counter?
(18:18 / Allies) debinhalencar: tem 2 kara
(18:20 / Allies) debinhalencar: zzz
(18:23 / Allies) ATempT: unit
(18:25 / Allies) debinhalencar: vcs kere
(18:27 / Allies) debinhalencar: q eu pegue
(18:28 / Allies) debinhalencar: as 2?
(18:35 / Allies) ATempT: jua to indo
(18:41 / Allies) ATempT: n
(21:38 / All) debinhalencar: TOMA SEU XINES
(21:44 / All) debinhalencar: ING ING ING UING ING
(21:46 / All) ATempT: kkk
(23:08 / Allies) debinhalencar: kd os fantasma
(23:09 / Allies) debinhalencar: ma
(23:18 / Allies) debinhalencar: pera
(23:20 / Allies) debinhalencar: eles tao
(23:20 / Allies) debinhalencar: esconde
(24:07 / Allies) ATempT: ownei viu
(24:08 / Allies) ATempT: os elfo
(25:17 / Allies) debinhalencar: micra
(25:18 / Allies) debinhalencar: porra
(25:33 / Allies) debinhalencar: saiiii
(25:34 / Allies) debinhalencar: da
(25:37 / Allies) debinhalencar: dos metorao ma
(26:01 / Allies) _NIKOLLAS_: pqp!
(26:37 / Allies) _NIKOLLAS_: gold
(27:22 / All) ATempT: meu deus nikolas
(27:24 / Allies) debinhalencar: kkkkkkkkkkkkk
(27:25 / Allies) debinhalencar: maxo
(27:26 / Allies) debinhalencar: vcs ainda
(27:28 / Allies) _NIKOLLAS_: AH!
(27:28 / Allies) debinhalencar: nao expadiram
(27:33 / Allies) ATempT: eu tinha expandido
(27:37 / Allies) ATempT: soh q eu vi q ia ganhar
(27:40 / Allies) ATempT: ai n pus
(27:41 / Allies) ATempT: os peao
(27:42 / Allies) ATempT: ai o cara
(27:44 / Allies) ATempT: chega
(27:45 / Allies) ATempT: e taka
(27:47 / Allies) ATempT: o negocio
(27:51 / Allies) debinhalencar: kkkkkkkk
(27:56 / Allies) _NIKOLLAS_: pára
(27:59 / Allies) _NIKOLLAS_: eh o cao!
(28:07 / Allies) ATempT: kkk
(28:29 / Allies) ATempT: whats missing?
(28:50 / All) debinhalencar: ING UNG
(28:52 / All) debinhalencar: SHUPITAAAAAAA
(28:56 / Allies) _NIKOLLAS_: HEAIHEIAHEIUa
(28:56 / All) ATempT: AH
(29:08 / Allies) debinhalencar: negocio de xines
(29:15 / Allies) debinhalencar: SIM ISSO EH LADDER?
(29:23 / Allies) debinhalencar: ?
(29:23 / Allies) ATempT: sim
(29:40 / Allies) _NIKOLLAS_: achei
(29:49 / All) debinhalencar: XING UNG NEEE
(29:49 / Allies) _NIKOLLAS_: ehaheiuahiuehiuae
(29:50 / All) ATempT: kkk
(29:51 / All) debinhalencar: CHINK!